cohdb
Replays
Latest Replays
All Replays
Popular Replays
Top Player Replays
Match Explorer
How It Works
Community
CoH3 Stats
Reddit
Sign in to upload your games and track your stats! →
Sign in with Steam
Match 41845432
Unlisted
Match 41845432
Overview
Messages
Build Orders
End
Construct Infanterie Kompanie
MG 42 Machine Gun Team
Selects Breakthrough Battlegroup
Selects Assault Grenadiers
Grenadier Squad
Grenadier Squad
Construct Luftwaffe Kompanie
Flak 30 Anti-aircraft Gun Team
Selects Smoke Bombing Run
Medical Bunker
Construct Panzer Kompanie
Selects Mechanized Assault Group
Mechanized Assault Group
Panzer IV Medium Tank
Pioneer Squad
Selects Rapid Production
Panzer IV Medium Tank
Medical Bunker
Pioneer Squad
Side Skirts
Panzer Officer Quarters
Selects Blitzkrieg
Repair Bunker
Smoke Bombing Run
Panzer IV Medium Tank
Jäger Squad
Medical Bunker
Stoßtruppen Squad
Stoßtruppen Squad
Selects Tiger Heavy Tank
Tiger Heavy Tank
Panzer IV Medium Tank
Lucid
Hoguma
radiation
Andy Dufrain
homig
kerem
ShadowStorm
Jesus is my man
0
0
Comments
sign in to comment!
No comments posted yet!